 Dungeon Crawl Stone Soup version 0.20.0 (webtiles) character file.

291 MatthieuS the Ruffian (level 6, -4/59 HPs)
             Began as a Troll Berserker on June 20, 2017.
             Was a Priest of Trog.
             Slain by a mummy (13 damage)
             ... in an ossuary.
             The game lasted 00:06:06 (2531 turns).

MatthieuS the Ruffian (Troll Berserker)             Turns: 2531, Time: 00:06:07

Health: -4/59      AC:  5    Str: 27    XL:     6   Next: 10%
Magic:  5/5        EV:  9    Int:  3    God:    Trog [***...]
Gold:   156        SH:  0    Dex: 10    Spells: 5/5 levels left

rFire    . . .     SeeInvis .     - Unarmed
rCold    . . .     Gourm    +   (no shield)
rNeg     . . .     Faith    .   d - +0 robe (curse)
rPois    .         Spirit   .   (helmet restricted)
rElec    .         Reflect  .   (no cloak)
rCorr    .         Harm     .   (gloves unavailable)
MR       .....                  (boots unavailable)
Stlth    +.........             (no amulet)
Regen    0.6/turn               (no ring)
MPRegen  0.1/turn               (no ring)

@: heavily drained
A: unfitting armour, claws 3, fast metabolism 3, gourmand, regeneration 1,
shaggy fur 1, tough skin 2
a: Berserk, Trog's Hand, Burn Spellbooks, Renounce Religion


You were in an ossuary.
You worshipped Trog.
Trog was most pleased with you.
You were completely stuffed.

You visited 1 branch of the dungeon, and saw 4 of its levels.
You also visited: Ossuary.

You collected 156 gold pieces.

Inventory:

Hand Weapons
 l - a +0 club
Armour
 a - a +0 animal skin
 d - a cursed +0 robe (worn)
Wands
 m - a wand of scattershot (3/9)
Scrolls
 o - a scroll of immolation {unknown}
 p - 2 scrolls of remove curse
 q - a scroll of random uselessness {unknown}
 r - 3 scrolls of recharging
 s - 2 scrolls of teleportation {unknown}
 x - a scroll of enchant weapon {unknown}
Potions
 e - a potion of magic {unknown}
 f - a potion of heal wounds
 g - a potion of haste {unknown}
 h - 2 potions of resistance {unknown}
 j - a potion of might {unknown}
 k - 3 potions of brilliance {unknown}
 t - a potion of ambrosia {unknown}
 u - 2 potions of agility {unknown}
Comestibles
 b - 5 bread rations
 c - a royal jelly
 i - a meat ration
 v - 8 chunks of flesh
 w - 6 fruits


   Skills:
 - Level 2.4(0.7) Fighting
 - Level 2.4(0.8) Dodging
 + Level 6.9(5.0) Unarmed Combat


You had 5 spell levels left.
You didn't know any spells.

Dungeon Overview and Level Annotations

Branches:
Dungeon (4/15)
 Temple: D:4-7

Altars:
Fedhas

Annotations:
Ossuary MatthieuS's ghost, novice MfMo


Innate Abilities, Weirdness & Mutations

You are too large for most types of armour.
You have claws for hands.
Your metabolism is lightning-fast.
You like to eat raw meat.
Your natural rate of healing is unusually fast.
You are covered in fur. (AC +1)
You have very tough skin. (AC +2)


Message History

MatthieuS's ghost hits you but does no damage.
The mummy hits you. The mummy closely misses you.
You closely miss MatthieuS's ghost.
MatthieuS's ghost is heavily damaged.
MatthieuS's ghost barely misses you. The mummy hits you!
You completely miss MatthieuS's ghost.
MatthieuS's ghost is heavily damaged.
MatthieuS's ghost hits you. The mummy misses you.
A mummy comes into view.
You claw MatthieuS's ghost!
MatthieuS's ghost is severely damaged.
MatthieuS's ghost barely misses you. The mummy barely misses you.
You barely miss MatthieuS's ghost.
MatthieuS's ghost is severely damaged.
MatthieuS's ghost hits you. The mummy hits you!
* * * LOW HITPOINT WARNING * * *
You miss MatthieuS's ghost.
MatthieuS's ghost is severely damaged.
MatthieuS's ghost closely misses you. The mummy hits you!
You die...

#. #. ###'### #
##.....## .+
##.......## ..#
#.......MM#...+
+..M.⌠...@W...#
#.........#...+
##.......## ..#
##.....## .+
###'### # #.#
##.## #.∩"#
#.∩.#


You could see 3 mummies and MatthieuS's ghost.

Vanquished Creatures
  An orc wizard (D:3)
  A centaur skeleton (D:4)
  Terence (D:2)
  A worker ant (D:4)
  A mummy (D:4)
  3 adders
  4 gnolls (D:2)
  An ooze (D:1)
  3 worms
  A dart slug (D:1)
  A leopard gecko (D:3)
  7 orcs
  7 bats
  5 giant cockroaches
  4 goblins
  6 hobgoblins
  14 jackals
  7 kobolds
  A quokka (D:2)
  7 frilled lizards
  A hobgoblin zombie (D:4)
  An orc zombie (D:4)
  11 rats
89 creatures vanquished.

Notes
Turn   | Place    | Note
-------+----------+-------------------------------------------
     0 | D:1      | MatthieuS the Troll Berserker began the quest for the Orb.
     0 | D:1      | Reached XP level 1. HP: 22/22 MP: 0/0
    69 | D:1      | Reached XP level 2. HP: 29/29 MP: 1/1
   336 | D:1      | Reached skill level 4 in Unarmed Combat
   515 | D:1      | Reached XP level 3. HP: 36/36 MP: 2/2
   846 | D:1      | Reached ** piety under Trog
  1082 | D:2      | Noticed Terence
  1088 | D:2      | Killed Terence
  1088 | D:2      | Reached skill level 5 in Unarmed Combat
  1088 | D:2      | Reached XP level 4. HP: 42/44 MP: 3/3
  1326 | D:2      | Reached XP level 5. HP: 50/50 MP: 4/4
  1796 | D:3      | Reached *** piety under Trog
  2131 | D:3      | Reached skill level 6 in Unarmed Combat
  2155 | D:3      | Found a blossoming altar of Fedhas.
  2298 | D:4      | Reached XP level 6. HP: 54/59 MP: 5/5
  2488 | D:4      | Found a sand-covered staircase.
  2497 | Ossuary  | Entered an ossuary
  2509 | Ossuary  | Noticed MatthieuS's ghost (novice MfMo)
  2531 | Ossuary  | Slain by a mummy

Skill      XL: |  1  2  3  4  5 |
---------------+----------------+-----
Unarmed Combat | 4 5 6 |  6.9
Fighting       | |  2.4
Dodging        | |  2.4

Action                   |  1- 3 |  4- 6 || total
-------------------------+-------+-------++-------
Melee: Unarmed           |   102 |   132 ||   234
       Punch             |       |     1 ||     1
Invok: Berserk           |     1 |       ||     1
  Use: Scroll            |       |     4 ||     4
       Potion            |       |     2 ||     2
  Eat: Chunk             |    17 |    13 ||    30
Armor: Animal skin       |     6 |       ||     6
       Robe              |    44 |    38 ||    82
Dodge: Dodged            |    62 |    69 ||   131
